Map: Bridgehead LE (Void)

Players

wabbajack - Winner!

  • Race: Zerg Zerg
  • League: Bronze

theNAMEisLEO

  • Race: Zerg Zerg
  • League: Bronze

VOD

Have the link to the VOD?

Description

Time

  • Played on: July 16, 2015, 4:31 p.m.
  • Length: 5:50
Show
View Real Time Build Order
Export as new Build Order

wabbajack Zerg - Winner!

Build Orders: Hatch First 

Get SALT Encoding   

  12  0:01  Drone  
  13  0:13  Overlord  
  13  0:18  Drone  
  14  0:26  Extractor  
  14  0:27  Drone  
  15  0:32  Drone  
  16  0:36  Drone  
  17  0:54  Hatchery  
  16  0:59  Extractor  
  16  1:00  Drone  
  16  1:03  Drone  
  17  1:14  Drone  
  18  1:25  Spawning Pool  
  17  1:28  Drone  
  17  1:30  Drone  
  19  1:39  Overlord  
  19  1:53  Drone  
  20  2:01  Drone  
  21  2:08  Drone  
  21  2:11  Queen  
  21  2:13  Metabolic Boost  
  21  2:14  Queen  
  26  2:18  Drone  
  26  2:19  Drone  
  26  2:22  Drone  
  29  2:30  Spine Crawler  
  29  2:35  Drone x2  
  30  2:43  Roach Warren  
  29  2:51  Extractor  
  29  2:55  Overlord  
  29  2:56  Overlord  
  28  3:21  Drone  
  28  3:22  Drone x2  
  28  3:24  Drone  
  32  3:28  Roach x4  
  32  3:31  Roach  
  32  3:32  Roach x3  
  48  3:35  Roach  
  50  3:43  Roach  
  50  3:47  Overlord  
  52  3:53  Evolution Chamber, Overlord  
  51  4:15  Queen  
  51  4:16  Zergling x2  
  54  4:17  Zergling x12  
  60  4:30  Lair  
  60  4:35  Overlord  
  60  4:45  Overlord  
  60  4:55  Drone x3  
  60  4:56  Drone x5  
  68  5:10  Zergling x4  
  68  5:11  Zergling x10  
Show
View Real Time Build Order
Export as new Build Order

theNAMEisLEO Zerg 

Build Orders: Pool First 

Get SALT Encoding   

  12  0:11  Drone  
  12  0:12  Drone  
  14  0:23  Overlord  
  14  0:43  Drone x2  
  14  0:44  Drone  
  17  0:50  Spawning Pool  
  17  0:55  Drone  
  17  1:02  Extractor  
  16  1:06  Drone  
  17  1:31  Drone x2  
  19  1:32  Hatchery  
  19  1:39  Overlord  
  18  1:43  Queen  
  20  1:49  Zergling x2  
  21  2:08  Drone  
  21  2:10  Drone  
  23  2:15  Metabolic Boost  
  23  2:16  Spine Crawler  
  22  2:24  Queen  
  22  2:26  Overlord  
  24  2:47  Drone x3  
  27  2:54  Roach Warren  
  27  2:55  Extractor  
  25  3:06  Overlord  
  25  3:10  Drone x5  
  29  3:31  Zergling x2  
  29  3:32  Zergling x6  
  29  3:33  Zergling x2  
  34  3:54  Evolution Chamber  
  33  3:56  Evolution Chamber  
  33  3:57  Drone x2  
  33  3:58  Lair  
  34  4:08  Drone x3  
  37  4:21  Drone  
  37  4:22  Drone x4  
  42  4:34  Drone  
  43  4:40  Overlord  
  43  4:58  Overlord x2  
  43  5:01  Overlord x2  
  43  5:06  Drone  
  45  5:07  Drone x2  
  46  5:19  Roach x4  
  56  5:21  Roach x2  
Tags
 
Add a new tag
Caveats
  • Supply blocks, unpowered buildings, or Contaminate may cause inaccurate times.
  • Supply counts are checked every 10 seconds.